 Dungeon Crawl Stone Soup version 0.20.0-8-g6b59dc7 (webtiles) character file.

60 MDvedh the Chucker (level 4, 0/34 HPs)
             Began as a Barachi Hunter on June 2, 2017.
             Slain by a gnoll
             ... wielding a +0 halberd
              (12 damage)
             ... on level 1 of the Dungeon.
             The game lasted 00:03:09 (1557 turns).

MDvedh the Chucker (Barachi Hunter)                 Turns: 1557, Time: 00:03:10

Health: 0/34       AC: 10    Str: 14    XL:     4   Next: 6%
Magic:  4/4        EV: 12    Int: 11    God:
Gold:   98         SH:  0    Dex: 13    Spells: 3/3 levels left

rFire    . . .     SeeInvis .   l - +0 mace
rCold    . . .     Gourm    .   (no shield)
rNeg     . . .     Faith    .   b - +0 leather armour
rPois    .         Spirit   .   p - +0 helmet
rElec    .         Reflect  .   (no cloak)
rCorr    .         Harm     .   (no gloves)
MR       .....                  (no boots)
Stlth    +.........             j - amulet of regeneration
Regen    0.6/turn               g - +6 ring of protection
MPRegen  0.1/turn               (no ring)

@: slow
A: +LOS, swims, slowness 1, strong legs 1
a: Hop


You were on level 1 of the Dungeon.
You were not hungry.

You visited 1 branch of the dungeon, and saw 2 of its levels.

You collected 98 gold pieces.

Inventory:

Hand Weapons
 a - a +0 short sword
 l - a +0 mace (weapon)
Missiles
 c - 6 javelins (quivered)
 d - 2 throwing nets
Armour
 b - a +0 leather armour (worn)
 p - a +0 helmet (worn)
Jewellery
 g - a +6 ring of protection (left hand)
 j - an amulet of regeneration (around neck)
 m - an uncursed ring of ice {unknown}
Scrolls
 e - a scroll of immolation {unknown}
 h - 2 scrolls of identify {unknown}
 o - a scroll of remove curse {unknown}
 q - a scroll of teleportation {unknown}
Potions
 i - 4 potions of heal wounds {unknown}
 k - a potion of flight {unknown}
Comestibles
 f - 2 bread rations
 n - 5 chunks of flesh


   Skills:
 - Level 2.7 Fighting
 - Level 0.7 Short Blades
 * Level 2.5 Maces & Flails
 - Level 4.3 Throwing
 - Level 0.5 Armour
 - Level 2.4 Dodging
 - Level 1.0 Stealth


You had 3 spell levels left.
You didn't know any spells.

Dungeon Overview and Level Annotations

Branches:
Dungeon (2/15)

Altars:


Innate Abilities, Weirdness & Mutations

Shadows flee at your approach. (+LOS)
You can swim through water.
You cover ground slowly.
You can hop short distances.


Message History

Unknown command.
Unknown command.
Unknown command.
Unknown command.
Unknown command.
Unknown command.
You completely miss the gnoll. The gnoll hits you with a halberd!
The gnoll closely misses you.
You hit the gnoll.
The gnoll is lightly wounded.
The gnoll hits you with a halberd. The gnoll hits you but does no damage.
The gnoll closely misses you. The gnoll misses you.
Your leather armour prevents you from hitting the gnoll.
The gnoll is lightly wounded.
The gnoll misses you. The gnoll hits you with a halberd.
You closely miss the gnoll.
The gnoll is lightly wounded.
The gnoll hits you with a spear of piercing.
The gnoll hits you with a halberd!
You die...

.......#8.#≈#≈.#.#.........#
.≈♣≈...##.###≈.#)#.........#
.♣8♣...''..''..#.#.........#
.≈♣≈...##.###≈...#........##
.......#8.# #≈...#........#
......≈♣#.8 ♣≈...##########
.....♣♣##.# #≈...# ##'###
##+###≈.#g# ###
8#'#8##8...8#≈.#@# #.#
......'.....#≈.#g# #.#
##8####8....#≈.#)# #.#
#≈♣≈#≈#######≈.#.# #.# ##
##≈≈≈≈≈≈≈≈≈.#)# #.# #
##########.#.# #.# #...#
#.##### ##### #......
#######


You could see 2 gnolls.

Vanquished Creatures
  Robin (D:1)
  An ooze (D:1)
  2 dart slugs (D:1)
  A bat zombie (D:1)
  16 goblins
  7 hobgoblins (D:1)
  4 bats (D:1)
  2 frilled lizards
  A giant cockroach zombie (D:1)
  6 rats
41 creatures vanquished.

Notes
Turn   | Place    | Note
-------+----------+-------------------------------------------
     0 | D:1      | MDvedh the Barachi Hunter began the quest for the Orb.
     0 | D:1      | Reached XP level 1. HP: 17/17 MP: 1/1
   208 | D:1      | Reached XP level 2. HP: 20/23 MP: 2/2
   686 | D:1      | Reached skill level 1 in Stealth
  1040 | D:1      | Reached XP level 3. HP: 28/28 MP: 3/3
  1177 | D:1      | Reached skill level 1 in Maces & Flails
  1338 | D:2      | Noticed Robin
  1442 | D:1      | Killed Robin
  1442 | D:1      | Reached XP level 4. HP: 25/34 MP: 4/4
  1557 | D:1      | Slain by a gnoll

Skill      XL: |  1  2  3 |
---------------+----------+-----
Stealth        | 1 |  1.0
Maces & Flails | 2 |  2.5
Fighting       | |  2.7
Short Blades   | |  0.7
Throwing       | |  4.3
Armour         | |  0.5
Dodging        | |  2.4

Action                   |  1- 3 |  4- 6 || total
-------------------------+-------+-------++-------
Melee: Short sword       |    50 |       ||    50
       Mace              |    90 |    13 ||   103
Throw: Javelin           |     1 |       ||     1
 Abil: Hop               |     3 |       ||     3
 Stab: Sleeping          |     1 |       ||     1
  Eat: Chunk             |     2 |     1 ||     3
Armor: Leather armour    |    69 |     9 ||    78
Dodge: Dodged            |   102 |    19 ||   121
